 Dungeon Crawl Stone Soup version 0.30.1 (webtiles) character file.

Game seed: 14754060238325401280

1880 NomeN the Cleaver (level 9, -4/112 HPs)
             Began as a Hill Orc Fighter on July 4, 2023.
             Killed from afar by an orc wizard (5 damage)
             ... with a magic dart
             ... on level 6 of the Dungeon.
             The game lasted 00:56:11 (4709 turns).

NomeN the Cleaver (Hill Orc Fighter)                Turns: 4709, Time: 00:56:12

Health: -4/112     AC: 24    Str: 23    XL:     9   Next: 14%
Magic:  9/9        EV:  2    Int:  8    God:
Gold:   227        SH: 10    Dex: 10    Spells: 5/8 levels left

rFire   x . .        a - +1 war axe (freeze)
rCold   + . .        m - +1 kite shield
rNeg    . . .        b - melded +0 scale mail
rPois   +            k - melded +0 helmet
rElec   .            (cloak currently unavailable)
rCorr   .            (gloves currently unavailable)
SInv    .            (boots currently unavailable)
Will    +....        e - amulet of faith
Stlth   +            r - ring of ice
HPRegen 0.38/turn    q - ring of willpower
MPRegen 0.11/turn

%: faith
@: lethally poisoned (-4 -> -5), tree-form
A: stationary, stasis, torment immunity, boosted hp, (cold vulnerability 1)
a: no special abilities


You were on level 6 of the Dungeon.
You were a tree.
You visited 1 branch of the dungeon, and saw 6 of its levels.

You collected 227 gold pieces.

Inventory:

Hand Weapons
 a - a +1 war axe of freezing (weapon)
 j - a +2 dagger of draining
Armour
 b - a +0 scale mail (melded)
 k - a +0 helmet (melded)
 m - a +1 kite shield (worn)
Jewellery
 e - an amulet of faith (around neck)
 f - an amulet of guardian spirit
 g - a ring of protection from cold
 q - a ring of willpower (right branch)
 r - a ring of ice (left branch)
Wands
 d - a wand of flame (3)
 p - a wand of quicksilver (3)
Scrolls
 c - a scroll of enchant armour
 h - 7 scrolls of identify
 o - a scroll of enchant weapon
Potions
 i - a potion of lignification
 n - 2 potions of brilliance


   Skills:
 + Level 5.6 Fighting
 + Level 10.1 Axes
 + Level 6.8 Armour
 + Level 3.0 Dodging
 + Level 0.2 Stealth
 + Level 5.7 Shields
 + Level 0.1 Spellcasting
 + Level 0.1 Conjurations
 + Level 0.3 Evocations


You had 5 spell levels left.
You knew the following spells:

 Your Spells              Type           Power      Damage    Failure   Level
a - Magic Dart            Conj           0%         1d3       63%         1
b - Searing Ray           Conj           0%         2d4       77%         2

Your spell library contained the following spells:

 Spells                   Type           Power      Damage    Failure   Level
 Beastly Appendage        Tmut           0%         N/A       65%         1
 Sublimation of Blood     Necr           0%         N/A       80%         2
 Wereblood                Tmut           0%         N/A       80%         2
 Spider Form              Tmut/Pois      0%         N/A       95%         3
 Fulminant Prism          Conj/Hex       0%         3d5       100%        4
 Summon Hydra             Summ           0%         N/A       100%        7


Dungeon Overview and Level Annotations

Branches:
Dungeon (6/15)
 Temple: D:4-7

Altars:
Ashenzari
Dithmenos
Hepliaklqana
Kikubaaqudgha
Nemelex Xobeh
Okawaru
Qazlal
Trog
Vehumet
Wu Jian
Xom
Yredelemnul
The Shining One

Shops:
D:2 !


Innate Abilities, Weirdness & Mutations

You are a tree.
Your roots penetrate the ground, keeping you stationary.
You cannot be teleported.
You are immune to unholy pain and torment.
Your maximum health is greatly increased.
Your equipment is partially melded.
((You are vulnerable to cold. (rC-)))


Message History

You feel very sick. Something hits you but does no damage.
You are lethally poisoned!
Something hits you but does no damage.
You are more poisoned.
Found a potion of heal wounds.
* * * LOW HITPOINT WARNING * * *
You feel very sick.
* * * LOW HITPOINT WARNING * * *
You feel very sick. Something hits you but does no damage.
You feel less invigorated.
You feel less confused.
* * * LOW HITPOINT WARNING * * *
You feel very sick. You block something's attack.
* * * LOW HITPOINT WARNING * * *
You feel very sick.
* * * LOW HITPOINT WARNING * * *
You feel very sick.
* * * LOW HITPOINT WARNING * * *
You feel sick. You block something's attack.
* * * LOW HITPOINT WARNING * * *
You feel sick.
You turn into a tree.
Your +0 helmet melds into your body.
Your +0 scale mail melds into your body.
Your roots penetrate the ground.
You feel sick.
You hear some strange, mumbled words.
A magic dart appears from out of thin air!
The magic dart hits you.
* * * LOW HITPOINT WARNING * * *
* * * LOW HITPOINT WARNING * * *
You feel sick. Something hits you but does no damage.
* * * LOW HITPOINT WARNING * * *
You feel sick.
You hear some strange, mumbled words.
A magic dart appears from out of thin air!
The magic dart hits you.
You die...

# ### #
..#########.########.###
........................
#...................#
#..####......<......#
#..# ##...........##
##.## #..........## #..#
##........## #..#
##...♣..## #..#
#...{.###... #..#
##.....!...# ##.#
#...######. #.# ##.###
#.## #..# #..# ##.##
#..# ##.## #..# #..#


There were no monsters in sight!

Vanquished Creatures
  Pikel (D:4)
  Edmund (D:6)
  2 ice beasts
  A black bear (D:5)
  An ogre (D:5)
  A lemure (D:4)
  2 scorpions
  2 howler monkeys
  3 hounds
  4 orc priests
  4 iguanas (D:5)
  A sleepcap (D:5)
  Natasha (thrice) (D:4)
  3 orc wizards
  Robin (D:3)
  8 adders
  A shadow imp (D:5)
  An ufetubus (D:5)
  3 worms
  2 dart slugs
  18 orcs
  7 bats
  2 endoplasms
  5 giant cockroaches
  16 goblins
  8 hobgoblins
  4 jackals (D:5)
  2 quokkas (D:2)
  10 ball pythons
  4 frilled lizards
  4 kobolds
  4 rats
129 creatures vanquished.

Notes
Turn   | Place    | Note
-------+----------+-------------------------------------------
     0 | D:1      | NomeN the Hill Orc Fighter began the quest for the Orb.
     0 | D:1      | Reached XP level 1. HP: 19/19 MP: 1/1
   177 | D:1      | Reached XP level 2. HP: 22/27 MP: 2/2
   591 | D:1      | Reached skill level 3 in Axes
   839 | D:2      | Found Qoloor's Distillery.
   857 | D:2      | Reached XP level 3. HP: 26/33 MP: 3/3
   990 | D:2      | Gained mutation: You are vulnerable to cold. (rC-) [potion
                  | of mutation]
  1229 | D:2      | Reached XP level 4. HP: 40/40 MP: 4/4
  1349 | D:3      | Learned a level 1 spell: Magic Dart
  1352 | D:3      | Learned a level 2 spell: Searing Ray
  1461 | D:3      | Noticed Robin
  1477 | D:3      | Reached skill level 1 in Dodging
  1479 | D:3      | Killed Robin
  1480 | D:3      | Reached skill level 4 in Axes
  1731 | D:3      | Noticed a scorpion
  1739 | D:3      | Killed a scorpion
  1740 | D:3      | Reached skill level 5 in Axes
  1740 | D:3      | Reached XP level 5. HP: 40/46 MP: 5/5
  2176 | D:4      | Reached XP level 6. HP: 53/53 MP: 6/6
  2238 | D:4      | Noticed Natasha
  2271 | D:4      | Killed Natasha
  2286 | D:4      | Reached skill level 6 in Axes
  2305 | D:4      | Noticed Pikel
  2345 | D:4      | Found a stormy altar of Qazlal.
  2345 | D:4      | Found a shimmering altar of Xom.
  2345 | D:4      | Found a glowing golden altar of the Shining One.
  2345 | D:4      | Found an ancient bone altar of Kikubaaqudgha.
  2345 | D:4      | Found a radiant altar of Vehumet.
  2345 | D:4      | Found a hazy altar of Hepliaklqana.
  2345 | D:4      | Found a basalt altar of Yredelemnul.
  2360 | D:4      | Found a sparkling altar of Nemelex Xobeh.
  2362 | D:4      | Found a shadowy altar of Dithmenos.
  2367 | D:4      | Found a broken altar of Ashenzari.
  2369 | D:4      | Found an iron altar of Okawaru.
  2565 | D:4      | Noticed Natasha
  2577 | D:4      | Killed Natasha
  2681 | D:4      | Found an ornate altar of the Wu Jian Council.
  2689 | D:4      | Noticed a spectral centipede
  2689 | D:4      | Noticed a spectral black mamba
  2689 | D:4      | Noticed a spectral cane toad
  2842 | D:4      | Noticed Natasha
  2851 | D:4      | Killed Natasha
  2960 | D:4      | Killed Pikel
  2961 | D:4      | Reached skill level 5 in Fighting
  2961 | D:4      | Reached skill level 8 in Axes
  2961 | D:4      | Reached skill level 5 in Armour
  2961 | D:4      | Reached XP level 7. HP: 29/61 MP: 7/7
  2961 | D:4      | Reached XP level 8. HP: 33/68 MP: 8/8
  3093 | D:5      | Entered Level 5 of the Dungeon
  3223 | D:5      | Reached skill level 5 in Shields
  3245 | D:5      | Reached skill level 9 in Axes
  3684 | D:5      | Found a bloodstained altar of Trog.
  4122 | D:6      | Noticed Edmund
  4563 | D:6      | Killed Edmund
  4564 | D:6      | Reached XP level 9. HP: 71/75 MP: 9/9
  4602 | D:6      | Reached skill level 10 in Axes
  4707 | D:6      | HP: 5/112 [poisoned by an orc wizard]
  4707 | D:6      | HP: 2/112 [something/magic dart (3)]
  4709 | D:6      | Killed from afar by an orc wizard

Illustrated notes

Levels and vault maps discovered:
D:1:      saegor_arrival_miasma, layout_loops_ring, dk_noncrumbling_2,
          nicolae_hexahallways, minmay_tetromino_i4
D:2:      layout_rooms, serial_shops, nicolae_shop_industrial_runoff,
          grunt_ministairs_9
D:3:      wander_river, layout_basic, uniq_robin
D:4:      minmay_spotlight, layout_rooms, pdpol_wu_jian_five_deadly_venoms,
          nicolae_overflow_hallway_of_the_gods, uniq_pikel, uniq_natasha
D:5:      layout_basic, mainiacjoe_overflow_cross_hatched, chequers_jeans
D:6:      layout_cave_pods, minmay_temple_entry_junction, gammafunk_ghost_smash,
          uniq_prince_ribbit1, uniq_edmund

Skill      XL: |  1  2  3  4  5  6  7  8  9 |
---------------+----------------------------+-----
Fighting       | 4 5 |  5.6
Axes           | 3 5 8 9 10 | 10.1
Armour         | 4 5 6 |  6.8
Dodging        | 1 2 3 |  3.0
Shields        | 4 5 |  5.7
Stealth        | |  0.2
Spellcasting   | |  0.1
Conjurations   | |  0.1
Evocations     | |  0.3

Action                     |  1- 3 |  4- 6 |  7- 9 || total
---------------------------+-------+-------+-------++-------
  Melee: War axe           |   101 |   139 |   129 ||   369
  Evoke: Wand              |       |     1 |     1 ||     2
    Use: Scroll            |     7 |     2 |     3 ||    12
         Potion            |     5 |     6 |     4 ||    15
 Armour: Scale mail        |    50 |    87 |    57 ||   194
         Skin              |       |       |     1 ||     1
  Dodge: Dodged            |    51 |    67 |    29 ||   147
  Block: Buckler           |    19 |    12 |       ||    31
         Kite shield       |       |    40 |    65 ||   105
